 Dungeon Crawl Stone Soup version 0.23.0 (webtiles) character file.

Game seed: 2081775843179940623

163 Monsterracer the Poker (level 5, -1/42 HPs)
             Began as a Merfolk Abyssal Knight on Feb 9, 2019.
             Was a Believer of Lugonu.
             Slain by a bullfrog skeleton (5 damage)
             ... on level 4 of the Dungeon.
             The game lasted 00:05:06 (3694 turns).

Monsterracer the Poker (Merfolk Abyssal Knight)     Turns: 3694, Time: 00:05:07

Health: -1/42      AC:  6    Str: 12    XL:     5   Next: 44%
Magic:  7/7        EV: 12    Int: 12    God:    Lugonu [**....]
Gold:   149        SH:  0    Dex: 14    Spells: 4/4 levels left

rFire    . . .     SeeInvis .   a - +0 trident
rCold    . . .     Gourm    .   (no shield)
rNeg     . . .     Faith    .   d - +0 ring mail
rPois    .         Spirit   .   r - +0 helmet
rElec    .         Reflect  .   (no cloak)
rCorr    .         Harm     .   (no gloves)
MR       .....                  (no boots)
Stlth    +.........             (no amulet)
HPRegen  0.14/turn              (no ring)
MPRegen  0.10/turn              (no ring)

@: no status effects
A: change form in water, swift swim, stealthy swim
a: Depart the Abyss, Bend Space, Renounce Religion


You were on level 4 of the Dungeon.
You worshipped Lugonu.
Lugonu was pleased with you.
You were hungry.

You visited 1 branch of the dungeon, and saw 5 of its levels.
You visited the Abyss 1 time.

You collected 149 gold pieces.

Inventory:

Hand Weapons
 a - a +0 trident (weapon)
Armour
 d - a +0 ring mail (worn)
 r - a +0 helmet (worn)
Scrolls
 e - 3 scrolls of enchant armour {unknown}
 f - 5 scrolls of identify {unknown}
 j - a scroll of enchant weapon {unknown}
 m - a scroll of remove curse {unknown}
 n - a scroll of random uselessness {unknown}
 o - a scroll of teleportation {unknown}
 q - a scroll of fear {unknown}
Potions
 g - 2 potions of curing {unknown}
 h - a potion of flight {unknown}
 i - a potion of brilliance {unknown}
 k - a potion of haste {unknown}
 l - a potion of mutation {unknown}
 p - 2 potions of invisibility {unknown}
 s - a potion of heal wounds {unknown}
Comestibles
 c - 4 rations


   Skills:
 + Level 4.1 Fighting
 * Level 5.4 Polearms
 - Level 0.6 Armour
 + Level 4.0 Dodging
 + Level 3.1 Invocations


You had 4 spell levels left.
You didn't know any spells.
Your spell library was empty.

Dungeon Overview and Level Annotations

Branches:
Dungeon (5/15)
 Temple: D:4-7

Altars:
Trog
Vehumet
The Shining One


Message History

You reach to attack!
You hit the adder skeleton.
The adder skeleton is moderately damaged.
You hit the adder skeleton.
The adder skeleton is severely damaged.
A bullfrog skeleton comes into view.
The adder skeleton misses you.
The bullfrog skeleton moves out of view.
You puncture the adder skeleton!
You destroy the adder skeleton!
Lugonu accepts your kill.
No target in view!
The bullfrog skeleton is too close now for your liking.
A bullfrog skeleton is nearby!
A bullfrog skeleton is nearby!
An ogre comes into view. It is wielding a +0 giant club.
The ogre shouts!
You hear a shout!
The bullfrog skeleton barely misses you.
Found a robe.
You hit the bullfrog skeleton.
The bullfrog skeleton is lightly damaged.
An adder comes into view.
The bullfrog skeleton hits you.
You take 2 damage, and have 40/42 hp.
You puncture the bullfrog skeleton!
The bullfrog skeleton is heavily damaged.
An ogre comes into view. It is wielding a +0 giant club.
The bullfrog skeleton hits you but does no damage.
You hit the bullfrog skeleton.
The bullfrog skeleton is heavily damaged.
The bullfrog skeleton barely misses you.
The bullfrog skeleton hits you.
You puncture the bullfrog skeleton!
The bullfrog skeleton is severely damaged.
The bullfrog skeleton hits you.
You take 4 damage, and have 36/42 hp.
The bullfrog skeleton barely misses you.
The bullfrog skeleton barely misses you.
There is a stone staircase leading down here.
The bullfrog skeleton hits you.
You take 1 damage, and have 36/42 hp.
The bullfrog skeleton hits you.
You take 5 damage, and have 31/42 hp.
Found an escape hatch in the floor.
There are monsters nearby!
There are monsters nearby!
There are monsters nearby!
The bullfrog skeleton closely misses you.
Found 6 stones.
The bullfrog skeleton hits you.
You take 5 damage, and have 27/42 hp.
The bullfrog skeleton hits you.
You take 3 damage, and have 24/42 hp.
The bullfrog skeleton hits you but does no damage.
There is a stone staircase leading down here.
The bullfrog skeleton hits you.
You climb downwards.
A jelly, 2 orcs and an orc warrior come into view.
The jelly quivers.
The orc warrior shouts!
The orc shouts!
You hear a shout!
Found a stone staircase leading down.
There is a stone staircase leading up here.
You take 2 damage, and have 23/42 hp.
Unknown command.
You climb upwards.
The bullfrog skeleton hits you but does no damage.
The adder bites you but does no damage.
The bullfrog skeleton closely misses you.
There is a stone staircase leading down here.
Unknown command.
Unknown command.
The bullfrog skeleton barely misses you.
The adder completely misses you. The adder bites you.
* * * LOW HITPOINT WARNING * * *
The bullfrog skeleton hits you.
* * * LOW HITPOINT WARNING * * *
You take 5 damage, and have 18/42 hp.
The ogre hits you with a +0 giant club!
* * * LOW HITPOINT WARNING * * *
The adder barely misses you.
You take 11 damage, and have 7/42 hp.
MASSIVE DAMAGE!!
Unknown command.
The bullfrog skeleton closely misses you.
The adder barely misses you. The bullfrog skeleton hits you.
* * * LOW HITPOINT WARNING * * *
The adder barely misses you.
You take 4 damage, and have 3/42 hp.
Unknown command.
The bullfrog skeleton barely misses you.
The adder barely misses you.
Found 21 stones.
An iguana comes into view.
The bullfrog skeleton barely misses you.
Found 19 gold pieces.
Found a stone staircase leading down. 2 orcs come into view.
The orc shouts! x2; You hear a shout!
An orc comes into view. It is wielding a +4 dagger.
The bullfrog skeleton hits you.
You die...

#..........## .##
#.>.........###...
#.........#......
#............##
#.........O#.#
######..##...####...
#...###OS.......
...#.##..Z###.###
.###..#.>#@.#
..............#
####...........
#....(.....#
..$.........#
##............
#......o...o.
###.#....o...


You could see 2 ogres, an adder, 3 orcs and a bullfrog skeleton.

Vanquished Creatures
  A worker ant (D:3)
  Robin (D:3)
  2 adders
  2 oozes
  An adder skeleton (D:4)
  2 worms
  2 dart slugs
  3 leopard geckos
  11 orcs (D:3)
  2 ball pythons
  A giant cockroach (D:1)
  13 goblins
  9 hobgoblins
  A quokka (D:2)
  3 bats
  5 frilled lizards
  6 kobolds
  14 rats
79 creatures vanquished.

Notes
Turn   | Place    | Note
-------+----------+-------------------------------------------
     0 | Abyss:1  | Monsterracer the Merfolk Abyssal Knight began the quest for
                  | the Orb.
     0 | Abyss:1  | Reached XP level 1. HP: 18/18 MP: 2/2
    77 | Abyss:1  | Noticed a large abomination
    82 | Abyss:1  | Noticed a raiju
    94 | Abyss:1  | HP: 3/18 [raiju/living lightning (15)]
    95 | D:1      | Escaped the Abyss
   345 | D:1      | Reached XP level 2. HP: 24/24 MP: 3/3
   380 | D:1      | HP: 12/24 [bat (1)]
   395 | D:1      | HP: 12/24 [hobgoblin/+0 club (1)]
   497 | D:1      | HP: 11/24 [dart slug (3)]
   790 | D:1      | Reached * piety under Lugonu
   790 | D:1      | Reached XP level 3. HP: 28/29 MP: 4/4
   809 | D:1      | Reached skill level 4 in Polearms
  1145 | D:2      | HP: 10/29 [worm (9)]
  1648 | D:2      | Reached XP level 4. HP: 32/37 MP: 5/5
  1774 | D:2      | Found a glowing golden altar of the Shining One.
  1864 | D:2      | Noticed an ice beast
  2192 | D:3      | Found a radiant altar of Vehumet.
  2264 | D:3      | Reached skill level 5 in Polearms
  2447 | D:3      | Noticed Robin
  2451 | D:3      | Reached XP level 5. HP: 42/42 MP: 7/7
  2483 | D:3      | Reached ** piety under Lugonu
  2496 | D:3      | HP: 20/42 [hobgoblin[Robin] (3)]
  2503 | D:3      | Killed Robin
  2740 | D:3      | Found a bloodstained altar of Trog.
  3131 | D:3      | HP: 21/42 [poisoned by an orc]
  3136 | D:3      | HP: 16/42 [poisoned by an orc]
  3142 | D:3      | HP: 12/42 [poisoned by an orc]
  3148 | D:3      | HP: 10/42 [poisoned by an orc]
  3153 | D:3      | HP: 9/42 [poisoned by an orc]
  3161 | D:3      | HP: 8/42 [poisoned by an orc]
  3648 | D:4      | Noticed an ogre
  3650 | D:4      | Noticed an ogre
  3674 | D:5      | Entered Level 5 of the Dungeon
  3674 | D:5      | Noticed an orc warrior
  3679 | D:4      | HP: 21/42 [adder (3)]
  3680 | D:4      | HP: 7/42 [ogre/+0 giant club (11)]
  3686 | D:4      | HP: 3/42 [bullfrog skeleton (5)]
  3694 | D:4      | Slain by a bullfrog skeleton

Skill      XL: |  1  2  3  4  5 |
---------------+----------------+-----
Dodging        | 3 4 |  4.0
Polearms       | 4 5 |  5.4
Fighting       | 4 |  4.1
Invocations    | 3 |  3.1
Armour         | |  0.6

Action                   |  1- 3 |  4- 6 || total
-------------------------+-------+-------++-------
Melee: Spear             |   128 |    64 ||   192
       Trident           |       |    91 ||    91
Invok: Depart the Abyss  |     1 |       ||     1
  Eat: Chunk             |     2 |     6 ||     8
Armor: Ring mail         |    33 |    38 ||    71
Dodge: Dodged            |    57 |    95 ||   152

Levels and vault maps discovered:
D:1:      dpeg_arrival_arbitrary_c, layout_rooms
D:2:      layout_loops_ring, tso_metal_star
D:3:      layout_loops_ring, vehumet_crystals, old_standard_altar, uniq_robin
D:4:      layout_rooms, gammafunk_temple_overflow_wave, trog_eyes_of_draining
D:5:      layout_basic, marbit_many_paths, first_ration, sigmund_army,
          uniq_pikel, uniq_edmund
Abyss:1
